[ AOE2 MATCH · #484100175 ]
1v1 RMShu vs Mongols
Player's team · LOSS
Rival team · WIN
[ REPLAY ANALYSIS · EXTRACTED FROM THE RECORDED GAME ]
Feudal
11:03
Castle
14:53
Imperial
—
| APM avg | 42.3 |
| APM peak | 84 |
| eAPM avg | 27.7 |
| Villagers / military | 57 / 5 |
Focus
⚔️ 14.6% · 🌾 85.4%
Monk ×4 · Battering Ram ×1
Feudal
11:21
Castle
14:59
Imperial
—
| APM avg | 33.4 |
| APM peak | 67 |
| eAPM avg | 19.9 |
| Villagers / military | 57 / 19 |
Focus
⚔️ 34.7% · 🌾 65.3%
Mangudai ×13 · Spearman ×4 · Mangonel ×1 · Scorpion ×1
Match map
Initial resources + every placement click. Lines = walls · curves = elevation contours. ◆ gold · ⬟ stone · ● berries · ✦ relic · ◌ wall gap
Your base· ✓ Closed at 14:53 · 0t walls · 3 gate(s)
spacetime's base· ✓ Closed at 14:59 · 0t walls · 3 gate(s)
Smoothed initial terrain · ◌ = detected wall gap · hover for details
Inputs per minute
— moogly - - spacetime
Build order — moogly
135 actions detected in the replay
| 0:01 | Create | Villager (Male) |
| 0:01 | Create | Villager (Male) |
| 0:02 | Build | House |
| 0:03 | Build | House |
| 0:58 | Create | Villager (Male) |
| 0:58 | Create | Villager (Male) |
| 1:27 | Create | Villager (Male) |
| 1:27 | Create | Villager (Male) |
| 1:52 | Build | Lumber Camp |
| 1:59 | Create | Villager (Male) |
| 2:17 | Create | Villager (Male) |
| 2:54 | Create | Villager (Male) |
| 3:13 | Create | Villager (Male) |
| 3:33 | Build | House |
| 3:38 | Create | Villager (Male) |
| 3:43 | Build | House |
| 4:00 | Create | Villager (Male) |
| 4:00 | Create | Villager (Male) |
| 4:30 | Create | Villager (Male) |
| 4:30 | Create | Villager (Male) |
| 4:49 | Build | Mill |
| 5:11 | Create | Villager (Male) |
| 5:11 | Create | Villager (Male) |
| 5:40 | Create | Villager (Male) |
| 5:59 | Create | Villager (Male) |
| 5:59 | Create | Villager (Male) |
| 6:45 | Build | Farm |
| 6:46 | Build | Farm |
| 6:55 | Create | Villager (Male) |
| 6:56 | Create | Villager (Male) |
| 7:27 | Build | Farm |
| 7:49 | Create | Villager (Male) |
| 8:09 | Create | Villager (Male) |
| 8:14 | Research | Feudal Age |
| 8:39 | Build | Mining Camp |
| 9:36 | Build | House |
| 9:36 | Build | House |
| 9:49 | Build | Farm |
| 10:07 | Create | Villager (Male) |
| 10:07 | Create | Villager (Male) |
| 10:55 | Build | Farm |
| 11:03 | Age | Feudal Age |
| 11:16 | Build | Market |
| 11:19 | Build | Blacksmith |
| 12:13 | Research | Castle Age |
| 12:38 | Build | Lumber Camp |
| 12:45 | Build | Lumber Camp |
| 12:48 | Research | Double-Bit Axe |
| 12:48 | Research | Horse Collar |
| 13:31 | Create | Villager (Male) |
| 13:32 | Create | Villager (Male) |
| 14:53 | Age | Castle Age |
| 15:04 | Research | Bow Saw |
| 15:14 | Build | Town Center |
| 15:23 | Create | Villager (Male) |
| 15:23 | Create | Villager (Male) |
| 15:26 | Research | Heavy Plow |
| 16:01 | Create | Villager (Male) |
| 16:09 | Build | Town Center |
| 16:14 | Create | Villager (Male) |
| 16:38 | Research | Loom |
| 16:52 | Create | Villager (Male) |
| 16:52 | Create | Villager (Male) |
| 17:03 | Build | Monastery |
| 17:09 | Build | Farm |
| 17:09 | Build | Farm |
| 17:09 | Build | Farm |
| 17:09 | Build | Farm |
| 17:10 | Build | Farm |
| 17:26 | Build | House |
| 17:27 | Build | House |
| 17:27 | Build | House |
| 17:41 | Build | Farm |
| 17:42 | Build | Farm |
| 17:42 | Build | Farm |
| 17:47 | Create | Villager (Male) |
| 17:47 | Create | Villager (Male) |
| 17:47 | Create | Villager (Male) |
| 17:48 | Create | Villager (Male) |
| 18:03 | Build | House |
| 18:04 | Build | House |
| 18:06 | Build | House |
| 18:10 | Create | Monk |
| 18:13 | Create | Villager (Male) |
| 18:21 | Build | Farm |
| 18:29 | Build | Farm |
| 18:29 | Build | Farm |
| 18:30 | Build | Farm |
| 18:35 | Create | Villager (Male) |
| 18:36 | Create | Villager (Male) |
| 18:37 | Create | Villager (Male) |
| 18:47 | Create | Villager (Male) |
| 18:48 | Create | Villager (Male) |
| 18:59 | Create | Villager (Male) |
| 19:03 | Build | Farm |
| 19:05 | Build | Farm |
| 19:14 | Create | Villager (Male) |
| 19:14 | Create | Villager (Male) |
| 19:23 | Build | Farm |
| 19:23 | Build | Farm |
| 19:23 | Build | Farm |
| 19:23 | Build | Farm |
| 19:23 | Build | Farm |
| 19:30 | Build | House |
| 19:30 | Build | House |
| 19:31 | Build | House |
| 19:33 | Create | Villager (Male) |
| 19:33 | Create | Villager (Male) |
| 19:36 | Create | Monk |
| 19:36 | Create | Monk |
| 19:43 | Build | Siege Workshop |
| 19:51 | Build | Farm |
| 19:52 | Build | Farm |
| 19:55 | Create | Villager (Male) |
| 19:55 | Create | Villager (Male) |
| 20:24 | Create | Villager (Male) |
| 20:24 | Create | Villager (Male) |
| 20:24 | Create | Villager (Male) |
| 20:25 | Create | Villager (Male) |
| 20:29 | Create | Battering Ram |
| 20:46 | Create | Villager (Male) |
| 20:47 | Create | Villager (Male) |
| 20:52 | Build | Lumber Camp |
| 21:06 | Build | Mining Camp |
| 21:16 | Build | Farm |
| 21:17 | Build | Farm |
| 21:50 | Create | Monk |
| 22:09 | Build | University |
| 23:26 | Research | Imperial Age |
| 23:30 | Research | Imperial Age |
| 23:33 | Build | House |
| 23:33 | Build | House |
| 23:33 | Build | House |
| 23:34 | Build | House |
| 23:39 | Build | Siege Workshop |
Build order — spacetime
119 actions detected in the replay
| 0:00 | Create | Villager (Male) |
| 0:01 | Create | Villager (Male) |
| 0:01 | Create | Villager (Male) |
| 0:03 | Build | House |
| 0:05 | Build | House |
| 0:05 | Create | Villager (Male) |
| 1:29 | Create | Villager (Male) |
| 1:49 | Build | Lumber Camp |
| 1:51 | Create | Villager (Male) |
| 1:51 | Create | Villager (Male) |
| 2:06 | Create | Villager (Male) |
| 2:06 | Create | Villager (Male) |
| 2:29 | Create | Villager (Male) |
| 2:30 | Create | Villager (Male) |
| 2:30 | Create | Villager (Male) |
| 3:01 | Create | Villager (Male) |
| 3:01 | Create | Villager (Male) |
| 3:23 | Build | House |
| 3:24 | Build | House |
| 3:25 | Build | House |
| 3:36 | Create | Villager (Male) |
| 4:03 | Create | Villager (Male) |
| 4:04 | Create | Villager (Male) |
| 4:17 | Create | Villager (Male) |
| 4:17 | Create | Villager (Male) |
| 4:18 | Create | Villager (Male) |
| 4:28 | Create | Villager (Male) |
| 4:28 | Create | Villager (Male) |
| 4:48 | Create | Villager (Male) |
| 5:29 | Create | Villager (Male) |
| 5:39 | Create | Villager (Male) |
| 5:54 | Create | Villager (Male) |
| 6:22 | Create | Villager (Male) |
| 6:56 | Build | Mill |
| 7:27 | Create | Villager (Male) |
| 7:37 | Create | Villager (Male) |
| 7:52 | Create | Villager (Male) |
| 7:52 | Create | Villager (Male) |
| 7:59 | Build | Mining Camp |
| 8:36 | Research | Feudal Age |
| 8:39 | Build | Farm |
| 8:41 | Build | Farm |
| 8:44 | Build | Farm |
| 8:51 | Build | Mining Camp |
| 9:02 | Create | Villager (Male) |
| 9:03 | Create | Villager (Male) |
| 11:14 | Build | Barracks |
| 11:21 | Age | Feudal Age |
| 11:23 | Build | Market |
| 11:40 | Build | Blacksmith |
| 12:19 | Research | Castle Age |
| 12:20 | Research | Castle Age |
| 12:38 | Create | Spearman |
| 12:42 | Build | House |
| 12:54 | Create | Spearman |
| 13:14 | Research | Double-Bit Axe |
| 13:25 | Research | Loom |
| 13:31 | Create | Spearman |
| 14:00 | Create | Villager (Male) |
| 14:07 | Research | Stone Mining |
| 14:22 | Build | House |
| 14:59 | Age | Castle Age |
| 15:21 | Create | Villager (Male) |
| 15:23 | Create | Spearman |
| 15:41 | Build | Farm |
| 16:08 | Build | Castle |
| 16:13 | Build | Mining Camp |
| 16:16 | Research | Fletching |
| 16:24 | Create | Villager (Male) |
| 16:28 | Create | Villager (Male) |
| 16:35 | Build | Farm |
| 16:39 | Build | Farm |
| 16:47 | Build | Siege Workshop |
| 16:51 | Create | Villager (Male) |
| 17:20 | Build | Farm |
| 17:20 | Create | Villager (Male) |
| 17:37 | Create | Mangudai |
| 17:43 | Create | Villager (Male) |
| 18:00 | Research | Town Watch |
| 18:19 | Create | Villager (Male) |
| 18:34 | Create | Mangudai |
| 18:54 | Create | Mangudai |
| 19:01 | Create | Scorpion |
| 19:05 | Create | Villager (Male) |
| 19:21 | Create | Mangudai |
| 19:22 | Create | Villager (Male) |
| 19:35 | Create | Villager (Male) |
| 19:58 | Build | Castle |
| 20:05 | Create | Villager (Male) |
| 20:26 | Build | Mining Camp |
| 20:33 | Create | Villager (Male) |
| 20:48 | Create | Mangudai |
| 20:48 | Create | Villager (Male) |
| 20:49 | Create | Villager (Male) |
| 20:57 | Build | Farm |
| 20:57 | Build | Farm |
| 21:11 | Create | Mangudai |
| 21:11 | Create | Villager (Male) |
| 21:18 | Create | Mangudai |
| 21:41 | Create | Mangudai |
| 21:41 | Create | Mangudai |
| 21:41 | Create | Villager (Male) |
| 21:50 | Build | Farm |
| 21:53 | Build | Farm |
| 21:58 | Create | Mangonel |
| 22:06 | Create | Villager (Male) |
| 22:29 | Create | Mangudai |
| 22:29 | Create | Villager (Male) |
| 22:48 | Create | Mangudai |
| 22:48 | Create | Mangudai |
| 22:48 | Create | Villager (Male) |
| 23:09 | Create | Villager (Male) |
| 23:17 | Create | Villager (Male) |
| 23:29 | Create | Mangudai |
| 23:29 | Create | Villager (Male) |
| 23:33 | Build | Farm |
| 23:33 | Build | Farm |
| 23:36 | Build | Monastery |
| 23:41 | Create | Villager (Male) |
Match timeline
| 11:03 | moogly · age_up feudal |
| 11:14 | spacetime · first_building Barracks |
| 11:21 | spacetime · age_up feudal |
| 14:53 | moogly · age_up castle |
| 14:59 | spacetime · age_up castle |
| 15:29 | moogly · first_market_buy 100 food |
| 16:08 | spacetime · first_building Castle |
| 16:47 | spacetime · first_building Siege Workshop |
| 17:03 | moogly · first_building Monastery |
| 19:43 | moogly · first_building Siege Workshop |
| 21:59 | moogly · first_market_sell 100 wood |
| 23:36 | spacetime · first_building Monastery |
| 23:47 | moogly · resign |
[ AI ANALYSIS · 1 CREDIT ]
What really happened in this match?
Wolo.gg analyzes every decision: build order, eco, micro, common mistakes by bracket. Personalized analysis on WhatsApp or Discord in 30 seconds.
Civ guide
Shu
Map guide
Arena
Perfil
moogly